 Dungeon Crawl Stone Soup version 0.27.1-33-g824d729ab1 (webtiles) character file.

Game seed: 3874709335706999023

561 unlimited1921 the Skirmisher (level 7, -4/63 HPs)
             Began as a Hill Orc Fighter on Dec 2, 2021.
             Killed by nerve-wracking pain
             ... invoked by Menkaure
              (13 damage)
             ... on level 4 of the Dungeon.
             The game lasted 00:24:32 (6332 turns).

unlimited1921 the Skirmisher (Hill Orc Fighter)     Turns: 6332, Time: 00:24:33

Health: -4/63      AC: 11    Str: 21    XL:     7   Next: 31%
Magic:  7/7        EV:  6    Int: 10    God:
Gold:   184        SH: 10    Dex: 10    Spells: 6/6 levels left

rFire    + . .     SeeInvis .   i - +1 spear (venom)
rCold    . . .     Faith    .   c - +0 kite shield
rNeg     . . .     Spirit   .   f - +0 chain mail
rPois    +         Reflect  .   t - +0 helmet
rElec    .         Harm     .   (no cloak)
rCorr    .         Rampage  .   (no gloves)
Will     .....                  (no boots)
Stlth    ..........             (no amulet)
HPRegen  0.20/turn              x - ring of Propriety {rF+ Int+2}
MPRegen  0.10/turn              r - ring of poison resistance

@: no status effects
A: no striking features
a: no special abilities


You were on level 4 of the Dungeon.
You visited 1 branch of the dungeon, and saw 4 of its levels.
You also visited: Sewer.

You collected 184 gold pieces.

Inventory:

Hand Weapons
 a - a +0 long sword
 e - a +0 rapier
 h - a +2 dagger of venom
 i - a +1 spear of venom (weapon)
 k - a +4 spectral club
 n - a +0 hand axe
 z - a +0 short sword of draining
 A - a +0 trident
 D - a +6 dagger of protection
Missiles
 l - 73 arrows
 p - 26 bolts
 u - a poisoned dart (quivered)
Armour
 b - a +0 scale mail
 c - a +0 kite shield (worn)
 f - a +0 chain mail (worn)
 t - a +0 helmet (worn)
Jewellery
 o - a ring of magical power
 r - a ring of poison resistance (right hand)
 x - the ring of Propriety (left hand) {rF+ Int+2}
   (You found it on level 3 of the Dungeon)

   [ring of protection from fire]

   Int:       It affects your intelligence (+2).
   rF:        It protects you from fire.
Wands
 q - a wand of charming (1)
Scrolls
 g - 5 scrolls of teleportation
 j - a scroll of acquirement
 s - a scroll of noise
 w - 2 scrolls of silence
 y - a scroll of immolation
 C - a scroll of enchant weapon {unknown}
 E - a scroll of summoning {unknown}
Potions
 d - a potion of might
 m - 3 potions of invisibility {unknown}
 v - a potion of attraction {unknown}
 B - 4 potions of flight


   Skills:
 * Level 6.2 Fighting
 + Level 0.1(1.2) Short Blades
 + Level 2.3 Long Blades
 - Level 2.2 Polearms
 + Level 0.3 Throwing
 + Level 5.2 Armour
 + Level 1.0 Dodging
 + Level 1.0 Stealth
 + Level 5.1 Shields


You had 6 spell levels left.
You didn't know any spells.
Your spell library contained the following spells:

 Spells                   Type           Power      Damage    Failure   Level
 Freeze                   Ice            0%         1d3       100%        1
 Corpse Rot               Necr/Air       N/A        N/A       100%        2
 Frozen Ramparts          Ice            0%         1d2       100%        3
 Dispel Undead            Necr           0%         3d6       100%        4
 Hailstorm                Conj/Ice       0%         3d3       100%        4
 Death Channel            Necr           0%         N/A       100%        6


Dungeon Overview and Level Annotations

Branches:
Dungeon (4/15)              Sewer (visited)
 Temple: D:4-7

Altars:
Ashenzari
Kikubaaqudgha
Xom

Shops:
D:1 [   D:2 =   D:3 :

Annotations:
D:4 Menkaure


Message History

You hit Menkaure.
Menkaure is heavily damaged.
Menkaure hits you but does no damage.
You hit Menkaure but do no damage.
Menkaure is heavily damaged.
Menkaure hits you. x2
You hit Menkaure but do no damage.
Menkaure is heavily damaged.
You block Menkaure's attack. Menkaure breathes soot at you.
You hit Menkaure.
Menkaure is heavily damaged.
You block Menkaure's attack. x2
Menkaure gestures at you while chanting.
You struggle to resist.
You reach to attack!
You barely miss Menkaure.
Menkaure is heavily damaged.
You hit Menkaure but do no damage.
Menkaure is heavily damaged.
Menkaure hits you. You block Menkaure's attack.
You puncture Menkaure!
Menkaure is almost destroyed.
Menkaure hits you but does no damage.
Your chain mail prevents you from hitting Menkaure.
Menkaure is almost destroyed.
Menkaure calls on the powers of darkness!
Your body is wracked with pain!
You are too injured to fight recklessly!
You are too injured to fight recklessly!
You are too injured to fight recklessly!
You block Menkaure's attack. Menkaure casts a spell at you.
Pain shoots through your body!
* * * LOW HITPOINT WARNING * * *
Menkaure calls on the powers of darkness!
Your body is wracked with pain!
* * * LOW HITPOINT WARNING * * *
Menkaure gestures at you while chanting.
Pain shoots through your body!
You die...

## ### #.. ..#
#####.#####.#
#.........#.#
......##.#.#############
##.......M..@........#
#........###.###..##.#
##...#.### #.# #..##.#
#...##.# #.###..##.#
##.#.##.## #.##...##.#
#.....§.§. #.##.#.##.#
#...§≈≈≈§≈§≈ #.##.#.##.#
###.≈≈≈≈≈§§.§
#.........# #.≈§_.§..8.
####.######


You could see Menkaure (fast).

Vanquished Creatures
  An ogre (D:4)
  A scorpion (D:4)
  The ghost of Powertoast the Insei, a weakling MfTm (D:3)
  A jelly (D:2)
  2 orc wizards (D:3)
  Natasha (D:3)
  A merfolk siren (Sewer)
  A merfolk avatar (Sewer)
  Robin (D:3)
  6 adders
  4 gnolls (D:4)
  A howler monkey skeleton (D:4)
  A river rat (Sewer)
  An adder skeleton (D:3)
  4 worms
  5 orcs (D:3)
  4 bats
  3 endoplasms
  5 giant cockroaches
  11 goblins
  7 hobgoblins
  A kobold (D:2)
  4 quokkas
  12 ball pythons
  7 frilled lizards
  28 rats
114 creatures vanquished.

Vanquished Creatures (others)
  6 plants (D:2)
  8 withered plants (D:2)
14 creatures vanquished.

Grand Total: 128 creatures vanquished

Notes
Turn   | Place    | Note
-------+----------+-------------------------------------------
     0 | D:1      | unlimited1921 the Hill Orc Fighter began the quest for the
                  | Orb.
     0 | D:1      | Reached XP level 1. HP: 19/19 MP: 1/1
     8 | D:1      | Noticed a minotaur zombie
    53 | D:1      | Found Jetixoyhi's Antique Armour Boutique.
    65 | D:1      | You fall into a shaft and drop 1 floor!
    65 | D:2      | Found an ancient bone altar of Kikubaaqudgha.
   276 | D:2      | Found Unuz's Jewellery Emporium.
   390 | D:2      | Reached XP level 2. HP: 27/27 MP: 2/2
   442 | D:2      | Reached skill level 4 in Fighting
  1149 | D:2      | Found a faded altar of an unknown god.
  1346 | D:2      | Reached XP level 3. HP: 33/33 MP: 3/3
  1390 | D:2      | Reached skill level 1 in Polearms
  2214 | D:2      | Reached XP level 4. HP: 40/40 MP: 4/4
  2933 | D:3      | Found a shimmering altar of Xom.
  3202 | D:3      | Found Qoma's Book Boutique.
  3243 | D:3      | Reached XP level 5. HP: 40/47 MP: 5/5
  3332 | D:3      | Noticed Robin
  3338 | D:3      | Killed Robin
  3540 | D:3      | Found a runed translucent door.
  3540 | D:3      | Noticed Powertoast's ghost (weakling MfTm)
  3622 | D:3      | Found a shimmering altar of Xom.
  3629 | D:3      | Found a shimmering altar of Xom.
  3630 | D:3      | Found a shimmering altar of Xom.
  3728 | D:3      | Noticed Natasha
  3734 | D:3      | Killed Natasha
  3932 | D:3      | Killed Powertoast's ghost
  3933 | D:3      | Reached skill level 5 in Fighting
  3933 | D:3      | Reached XP level 6. HP: 33/56 MP: 6/6
  4071 | D:3      | Identified the ring of Propriety {rF+ Int+2}
  4288 | D:4      | Identified a scroll of acquirement
  4300 | D:4      | Found a broken altar of Ashenzari.
  4407 | D:4      | Found a glowing drain.
  4416 | Sewer    | Entered a sewer
  4588 | Sewer    | Reached skill level 1 in Stealth
  5799 | D:4      | Reached skill level 6 in Fighting
  5799 | D:4      | Reached skill level 5 in Armour
  5799 | D:4      | Reached skill level 5 in Shields
  5799 | D:4      | Reached XP level 7. HP: 63/63 MP: 7/7
  5811 | D:4      | Reached skill level 1 in Dodging
  6300 | D:4      | Found an ancient bone altar of Kikubaaqudgha.
  6304 | D:4      | Noticed Menkaure
  6332 | D:4      | Killed from afar by Menkaure

Illustrated notes

Levels and vault maps discovered:
D:1:      shiori_arrival_whats_in_store_for_you, layout_basic, serial_shops,
          nicolae_shop_stone, chequers_serial_rivers_micro_b,
          chequers_serial_rivers_room_a
D:2:      layout_basic, basic_altar, shapermc_ecumenical_altar_flowoftime,
          serial_shops, nicolae_square_shop
D:3:      layout_loops_ring, xom_redecorated, serial_shops,
          nicolae_shop_behind_doors, ebering_ghost_inner_flame, uniq_robin,
          uniq_natasha
D:4:      layout_loops_corners, mainiacjoe_overflow_brackets,
          mainiacjoe_overflow_catwalk, portal_sewer_entry_b, uniq_menkaure

Skill      XL: |  1  2  3  4  5  6  7 |
---------------+----------------------+-----
Fighting       | 4 5 6 |  6.2
Polearms       | 1 2 |  2.2
Armour         | 4 5 |  5.2
Shields        | 4 5 |  5.1
Stealth        | 1 |  1.0
Dodging        | 1 |  1.0
Short Blades   | |  0.1
Long Blades    | |  2.3
Throwing       | |  0.3

Action                   |  1- 3 |  4- 6 |  7- 9 || total
-------------------------+-------+-------+-------++-------
Melee: Dagger            |    23 |       |       ||    23
       Long sword        |    13 |       |       ||    13
       Spear             |    69 |   294 |    17 ||   380
Throw: Dart              |       |     3 |     5 ||     8
  Use: Scroll            |       |     3 |       ||     3
 Stab: Distracted        |       |     2 |       ||     2
Armor: Scale mail        |    31 |    17 |       ||    48
       Chain mail        |       |    89 |     3 ||    92
Dodge: Dodged            |    32 |    47 |     1 ||    80
Block: Kite shield       |    31 |    99 |     7 ||   137
       Rpst.: Long sword |     1 |       |       ||     1
